 Seeded DCSS version 0.28.0-45-g0d030f2227 (webtiles) character file.

Game seed: 14447413411792647702 (custom seed)

1362 zeratav the Cleaver (level 8, -2/74 HPs)
             Began as a Hill Orc Fighter on Apr 20, 2022.
             Slain by an orc warrior
             ... wielding a +0 battleaxe
              (9 damage)
             ... on level 6 of the Dungeon.
             The game lasted 00:07:54 (6380 turns).

zeratav the Cleaver (Hill Orc Fighter)              Turns: 6380, Time: 00:07:54

Health: -2/74      AC:  6    Str: 21    XL:     8   Next: 64%
Magic:  8/8        EV:  9    Int:  8    God:
Gold:   177        SH:  4    Dex: 10    Spells: 7/7 levels left

rFire   . . .      SeeInvis .   a - +1 war axe (freeze) {axe}
rCold   . . .      Faith    .   c - +0 buckler
rNeg    + . .      Spirit   .   b - +0 scale mail
rPois   .          Reflect  .   (no helmet)
rElec   .          Harm     .   (no cloak)
rCorr   .          Rampage  .   (no gloves)
Will    .....                   (no boots)
Stlth   ..........              (no amulet)
HPRegen 0.22/turn               g - ring of positive energy
MPRegen 0.11/turn               (no ring)

@: no status effects
A: no striking features
a: no special abilities


You were on level 6 of the Dungeon.
You visited 1 branch of the dungeon, and saw 6 of its levels.

You collected 177 gold pieces.


   Skills:
 - Level 8.0 Fighting
 - Level 11.2 Axes
 + Level 3.4 Armour
 - Level 3.2 Shields


You had 7 spell levels left.
You didn't know any spells.
Your spell library contained the following spells:

 Spells                   Type           Power      Damage    Failure   Level
 Animate Skeleton         Necr           0%         N/A       83%         1
 Apportation              Tloc           0%         N/A       83%         1
 Foxfire                  Conj/Fire      0%         2x1d4     83%         1
 Summon Small Mammal      Summ           0%         N/A       83%         1
 Gell's Gravitas          Tloc           0%         N/A       99%         3
 Lesser Beckoning         Tloc           0%         N/A       99%         3
 Teleport Other           Tloc           0%         N/A       99%         3

Inventory:

Hand Weapons
 a - a +1 war axe of freezing (weapon) {axe}
 v - a +3 vorpal falchion {long}
   (You took it off an orc priest on level 5 of the Dungeon)
Armour
 b - a +0 scale mail (worn)
 c - a +0 buckler (worn)
 s - a +0 chain mail
   (You found it on level 5 of the Dungeon)
 w - a +0 plate armour
   (You found it on level 5 of the Dungeon)
 x - a +2 robe of willpower
   (You took it off Dowan on level 5 of the Dungeon)
 y - a +0 robe of willpower
   (You found it on level 5 of the Dungeon)
Jewellery
 g - a ring of positive energy (left hand)
   (You found it on level 1 of the Dungeon)
 p - a ring of fire
   (You found it on level 3 of the Dungeon)
Wands
 r - a wand of iceblast (11)
   (You found it on level 5 of the Dungeon)
Scrolls
 e - a scroll of noise {unknown}
 j - 2 scrolls of blinking {unknown}
 k - 3 scrolls of teleportation {unknown}
 l - 2 scrolls of vulnerability {unknown}
 m - 2 scrolls of enchant armour {unknown}
 n - 3 scrolls of identify {unknown}
 t - a scroll of fog {unknown}
Potions
 d - 4 potions of might
 f - a potion of resistance {unknown}
 h - a potion of brilliance {unknown}
 i - a potion of curing {unknown}
 o - 2 potions of heal wounds {unknown}
 q - a potion of attraction {unknown}
 u - a potion of flight {unknown}

Dungeon Overview and Level Annotations

Branches:
Dungeon (6/15)
 Temple: D:4-7

Altars:
Dithmenos
Xom
The Shining One

Shops:
D:4

[ .## .>.
..# P♣ ..#
♣P.♣ ..#
♣... ..#
♣.P.♣♣♣##..#
♣)@o#<..#
♣.♣)....## ♣
♣♣##.....#
#.###.# ...
# .... ♣....
♣...#.
..##.#


You could see an orc warrior.


Message History

Found a stone staircase leading up.
Things that are here:
a +0 flail {mace}; a +0 leather armour
y - a +0 robe of willpower Done exploring.
(D) Dungeon
Where to? (Enter - D:5 @ (x,y), ? - help)
There is a stone staircase leading down here.
You climb downwards.
Found a stone staircase leading down.
There is a stone staircase leading up here.
An orc warrior, an orc and an orc wizard come into view.
The orc warrior shouts!
The orc shouts!
The orc wizard shouts!
You hear a shout!
The orc wizard casts a spell.
The orc wizard flickers and vanishes!
Deactivating autopickup; reactivate with Ctrl-A.
The orc warrior hits the plant with a +0 battleaxe!
The plant begins to die.
You slash the orc! You freeze the orc.
You kill the orc!
You hit the plant. You freeze the plant. You closely miss the orc warrior.
You slash the plant! You freeze the plant. The orc warrior closely misses you.
You hit the orc warrior but do no damage.
You slash the plant! You freeze the plant.
Something hits the plant.
Something hits you but does no damage. The orc warrior barely misses you.
Things that are here:
a +0 flail {mace}; an orc corpse You hit the orc warrior.
You freeze the orc warrior. You closely miss something. You hit the plant.
You freeze the plant.
A nearby plant withers and dies.
Something hits you but does no damage. You block the orc warrior's attack.
You closely miss the orc warrior. You miss something.
Something hits you but does no damage.
You slice the orc warrior!! You freeze the orc warrior.
You barely miss something.
The orc warrior hits you with a +0 battleaxe!
Something hits you but does no damage.
HP[-9]
You take 9 damage, and now have 65/74 hp.
You closely miss the orc warrior. You closely miss something.
The orc warrior completely misses you.
An orc comes into view. It is wielding a +0 hand axe.
The orc shouts!
You hit the orc warrior but do no damage.
You hit something. You freeze something.
You hear some strange, mumbled words.
A magic dart appears from out of thin air!
The magic dart hits you.
The orc warrior hits you with a +0 battleaxe!
HP[-10]
You take 10 damage, and now have 55/74 hp.
You closely miss the orc warrior. You miss something.
The orc warrior hits you with a +0 battleaxe!
HP[-8]
You take 8 damage, and now have 47/74 hp.
You closely miss the orc warrior. You barely miss the orc. You hit something.
You freeze something.
Reactivating autopickup.
You feel a bit more experienced. The orc warrior barely misses you.
The orc hits you with a +0 hand axe.
Training target 8.0 for Fighting reached!
Your Fighting skill increases to level 8!
You need to enable at least one skill for training.
HP[-3]
You take 3 damage, and now have 44/74 hp.
You barely miss the orc warrior. You hit the orc. You freeze the orc.
The orc warrior barely misses you. The orc barely misses you.
An orc comes into view. It is wielding a +0 short sword.
You hit the orc warrior but do no damage.
You closely miss the orc. You block the orc warrior's attack.
The orc barely misses you.
You barely miss the orc warrior. You hit the orc. You freeze the orc.
You kill the orc!
The orc warrior hits you with a +0 battleaxe.
You hit the orc warrior but do no damage.
You hit the orc but do no damage. The orc warrior closely misses you.
The orc hits you but does no damage.
You closely miss the orc warrior. You hit the orc but do no damage.
The orc warrior hits you with a +0 battleaxe!
* * * LOW HITPOINT WARNING * * *
The orc closely misses you.
HP[-14]
You take 14 damage, and now have 30/74 hp.
You hit the orc warrior but do no damage.
You slash the orc! You freeze the orc.
You kill the orc!
The orc warrior hits you with a +0 battleaxe!
* * * LOW HITPOINT WARNING * * *
HP[-14]
You take 14 damage, and now have 16/74 hp.
You hit the orc warrior but do no damage.
The orc warrior hits you with a +0 battleaxe!
* * * LOW HITPOINT WARNING * * *
HP[-10]
You take 10 damage, and now have 6/74 hp.
You hit the orc warrior but do no damage.
The orc warrior hits you with a +0 battleaxe!
You die...

Skill      XL: |  1  2  3  4  5  6  7  8 |
---------------+-------------------------+-----
Axes           | 3 4 5 7 8 9 11 | 11.2
Fighting       | 4 8 |  8.0
Armour         | |  3.4
Shields        | |  3.2

Action                   |  1- 3 |  4- 6 |  7- 9 || total
-------------------------+-------+-------+-------++-------
Melee: War axe           |    77 |    72 |   143 ||   292
  Use: Scroll            |     2 |       |       ||     2
Armor: Scale mail        |    21 |    17 |    62 ||   100
Dodge: Dodged            |    28 |    22 |    51 ||   101
Block: Buckler           |    16 |    16 |    18 ||    50

Levels and vault maps discovered:
D:1:      dpeg_arrival_houses_and_road, layout_loops_ring, minmay_tromino_v4_a
D:2:      layout_loops_corners, shapermc_ecumenical_altar_rom_forum, st_stairs_8
D:3:      layout_basic, amcnicky_altar_gilded
D:4:      layout_rooms, xom_confusion_cloud, serial_shops, nicolae_shop_crystal
D:5:      layout_basic, lemuel_doored_altar, uniq_duvessa
D:6:      wad_woods_settlement, layout_loops_ring, minmay_temple_entry_grid

Notes
Turn   | Place    | Note
-------+----------+-------------------------------------------
     0 | D:1      | zeratav the Hill Orc Fighter began the quest for the Orb.
     0 | D:1      | Reached XP level 1. HP: 19/19 MP: 1/1
     0 | D:1      | magus.rc [v1.9.6]
    52 | D:1      | Reached skill level 3 in Axes
   242 | D:1      | Reached XP level 2. HP: 20/26 MP: 2/2
   564 | D:1      | Reached skill level 4 in Axes
  1282 | D:2      | Found a faded altar of an unknown god.
  1285 | D:2      | Got Plato's Collected Works on Fire
  1422 | D:2      | Reached XP level 3. HP: 26/31 MP: 3/3
  1762 | D:2      | Reached skill level 5 in Axes
  2250 | D:3      | Found a shadowy altar of Dithmenos.
  2268 | D:3      | You pick up a book of Cantrips and begin reading...
  2268 | D:3      | You add the spells Animate Skeleton, Summon Small Mammal
                  | and Apportation to your library.
  2668 | D:3      | Reached XP level 4. HP: 39/39 MP: 4/4
  2826 | D:3      | Reached skill level 6 in Axes
  3000 | D:4      | Noticed a black bear
  3014 | D:4      | Found a shimmering altar of Xom.
  3026 | D:4      | Killed a black bear
  3027 | D:4      | Reached skill level 7 in Axes
  3027 | D:4      | Reached XP level 5. HP: 45/45 MP: 5/5
  3163 | D:4      | Found Igoudoad's Antique Armour Shoppe.
  3255 | D:4      | Reached skill level 8 in Axes
  3255 | D:4      | Reached XP level 6. HP: 51/51 MP: 6/6
  3406 | D:4      | HP: 3/51 [ogre/+0 giant spiked club (19)]
  3969 | D:5      | Entered Level 5 of the Dungeon
  3978 | D:5      | HP: 12/51 [ogre/+0 giant club (8)]
  3981 | D:5      | Reached skill level 9 in Axes
  4208 | D:5      | Reached XP level 7. HP: 50/57 MP: 7/7
  4249 | D:5      | You pick up a book of Displacement and begin reading...
  4249 | D:5      | You add the spells Lesser Beckoning, Gell's Gravitas and
                  | Teleport Other to your library.
  4313 | D:5      | HP: 12/57 [something (6)]
  4314 | D:5      | HP: 5/57 [something (6)]
  4320 | D:5      | Reached skill level 10 in Axes
  4842 | D:5      | Reached skill level 11 in Axes
  4922 | D:5      | Noticed Dowan
  4953 | D:5      | Reached skill level 4 in Fighting
  4953 | D:5      | Reached XP level 8. HP: 61/67 MP: 8/8
  4998 | D:5      | Reached skill level 5 in Fighting
  5337 | D:5      | Noticed Duvessa
  5343 | D:5      | Killed Duvessa
  5344 | D:5      | Reached skill level 6 in Fighting
  5367 | D:5      | Killed Dowan
  5574 | D:5      | Reached skill level 7 in Fighting
  5760 | D:5      | Found a glowing golden altar of the Shining One.
  6373 | D:6      | Reached skill level 8 in Fighting
  6378 | D:6      | HP: 16/74 [orc warrior/+0 battleaxe (14)]
  6379 | D:6      | HP: 6/74 [orc warrior/+0 battleaxe (10)]
  6380 | D:6      | Slain by an orc warrior

Vanquished Creatures
  An ice beast (D:5)
  Duvessa (D:5)
  An orc warrior (D:5)
  2 sky beasts (D:5)
  A black bear (D:4)
  2 ogres
  A water moccasin zombie (D:5)
  3 jellies (D:5)
  Dowan (D:5)
  An orc priest (D:5)
  A centaur skeleton (D:4)
  4 iguanas
  4 orc wizards
  A gnoll (D:4)
  6 adders
  2 ufetubi (D:5)
  An adder skeleton (D:4)
  An adder zombie (D:5)
  A worm (D:2)
  3 dart slugs
  21 orcs
  12 endoplasms
  A giant cockroach (D:2)
  5 hobgoblins
  3 quokkas
  7 ball pythons
  6 bats
  3 goblins
  2 kobolds
  3 rats
101 creatures vanquished.

Vanquished Creatures (others)
  An orc (D:4)
  3 plants (D:6)
4 creatures vanquished.

Grand Total: 105 creatures vanquished

Table legend:
 A = Non-vault XP
 B = Vault XP
 C = Vault XP percentage of total XP
 D = Non-vault monster count
 E = Vault monster count
 F = Vault count percentage of total count
                 A         B        C        D         E       F
            +---------+---------+-------+---------+---------+-------
      Total |    1632 |     314 |  16.1 |      88 |      12 |  12.0
            +---------+---------+-------+---------+---------+-------
        D:1 |      20 |       4 |  16.7 |      12 |       2 |  14.3
        D:2 |      16 |      17 |  51.5 |       8 |       2 |  20.0
        D:3 |      70 |       0 |   0.0 |      13 |       0 |   0.0
        D:4 |     256 |      97 |  27.5 |      20 |       6 |  23.1
        D:5 |    1226 |     196 |  13.8 |      31 |       2 |   6.1
        D:6 |      44 |       0 |   0.0 |       4 |       0 |   0.0
            +---------+---------+-------+---------+---------+-------

Illustrated notes

Table legend:
 A = Kills in this place as a percentage of kills in entire the game.
 B = Kills by you in this place as a percentage of kills by you in the entire game.
 C = Kills by friends in this place as a percentage of kills by friends in the entire game.
 D = Other kills in this place as a percentage of other kills in the entire game.
 E = Experience gained in this place as a percentage of experience gained in the entire game.
 F = Experience gained in this place divided by the number of levels of this place that you have seen.
                   A       B       C       D       E      F
               +-------+-------+-------+-------+-------+----------------------
         Total | 100.0 | 100.0 |   N/A |   N/A | 100.0 | 324.3
       Dungeon | 100.0 | 100.0 |   N/A |   N/A | 100.0 | 324.3
               +-------+-------+-------+-------+-------+----------------------

Table legend: (Time is in decaauts)
 A = Elapsed time spent in this place.
 B = Non-inter-level travel time spent in this place.
 C = Inter-level travel time spent in this place.
 D = Time resting spent in this place.
 E = Time spent auto-exploring this place.
 F = Levels seen in this place.
 G = Mean time per level.
                   A        B        C        D        E       F      G
               +--------+--------+--------+--------+--------+-----+--------+
         Total |   6422 |   6247 |    175 |   1950 |   3455 |   6 | 1070.3 |
       Dungeon |   6422 |   6247 |    175 |   1950 |   3455 |   6 | 1070.3 |
               +--------+--------+--------+--------+--------+-----+--------+

Top non-repeatable levels by time:
     D:5: 2172 daAuts
     D:4: 1215 daAuts
     D:1: 1098 daAuts
     D:2: 1065 daAuts
     D:3: 850 daAuts
     D:6: 20 daAuts
